 Dungeon Crawl Stone Soup version 0.28-a0-1206-g193881aaa2 (webtiles) character file.

Game seed: 15350448610199781183

1687 blank1 the Cleaver (level 9, -10/81 HPs)
             Began as a Hill Orc Fighter on Dec 21, 2021.
             Was a Believer of Okawaru.
             Mangled by a hornet (14 damage)
             ... on level 6 of the Dungeon.
             The game lasted 00:13:49 (7349 turns).

blank1 the Cleaver (Hill Orc Fighter)               Turns: 7349, Time: 00:13:50

Health: -10/81     AC:  8    Str: 21    XL:     9   Next: 2%
Magic:  11/11      EV: 16    Int:  8    God:    Okawaru [**....]
Gold:   248        SH:  8    Dex: 12    Spells: 8/8 levels left

rFire   . . .      SeeInvis .   e - +1 hand axe (vorpal)
rCold   . . .      Faith    .   j - +0 kite shield
rNeg    . . .      Spirit   .   b - +0 scale mail
rPois   .          Reflect  .   A - +0 helmet
rElec   .          Harm     .   (no cloak)
rCorr   .          Rampage  .   (no gloves)
Will    .....                   (no boots)
Stlth   ..........              f - amulet of the acrobat
HPRegen 0.23/turn               g - +4 ring of evasion
MPRegen 0.12/turn               p - +4 ring of evasion

@: brilliant, lethally poisoned (-10 -> -11), studying Armour
A: no striking features
a: Renounce Religion, Heroism


You were on level 6 of the Dungeon.
You worshipped Okawaru.
Okawaru was pleased with you.
You visited 2 branches of the dungeon, and saw 8 of its levels.

You collected 248 gold pieces.

Inventory:

Hand Weapons
 a - a +0 war axe
 e - a +1 vorpal hand axe (weapon)
 t - a +2 whip of draining
Missiles
 m - a throwing net (quivered)
Armour
 b - a +0 scale mail (worn)
 j - a +0 kite shield (worn)
 A - a +0 helmet (worn)
Jewellery
 f - an amulet of the acrobat (around neck)
 g - a +4 ring of evasion (left hand)
 l - a ring of flight
 p - a +4 ring of evasion (right hand)
Wands
 n - a wand of flame (14)
 o - a wand of paralysis (11)
 u - a wand of acid (9)
Scrolls
 c - a scroll of blinking {unknown}
 k - 3 scrolls of magic mapping
 q - 2 scrolls of fog {unknown}
 r - 4 scrolls of teleportation
 s - a scroll of fear {unknown}
 v - a scroll of enchant armour {unknown}
 y - a scroll of enchant weapon {unknown}
 B - a scroll of brand weapon {unknown}
Potions
 d - a potion of might
 h - 2 potions of resistance
 i - a potion of mutation
 w - a potion of magic


   Skills:
 - Level 8.0 Fighting
 - Level 10.0 Axes
 + Level 5.8 Armour
 - Level 2.0 Dodging
 - Level 4.0 Shields
 - Level 3.0 Invocations


You had 8 spell levels left.
You didn't know any spells.
Your spell library contained the following spells:

 Spells                   Type           Power      Damage    Failure   Level
 Sting                    Tmut/Pois      0%         1d3       99%         1
 Corpse Rot               Necr/Air       0%         N/A       100%        2
 Poisonous Vapours        Pois/Air       0%         N/A       100%        2
 Conjure Flame            Conj/Fire      0%         6-21      100%        3
 Gell's Gravitas          Tloc           0%         N/A       100%        3
 Ignite Poison            Fire/Tmut/Pois 0%         N/A       100%        3
 Ozocubu's Armour         Ice            0%         N/A       100%        3
 Teleport Other           Tloc           0%         N/A       100%        3
 Olgreb's Toxic Radiance  Pois           0%         N/A       100%        4
 Sticky Flame             Conj/Fire      0%         2d3       100%        4
 Dispersal                Tloc           0%         N/A       100%        6
 Ozocubu's Refrigeration  Ice            0%         4d5       100%        7


Dungeon Overview and Level Annotations

Branches:
Dungeon (7/15)             Temple (1/1) D:5

Altars:
Cheibriados
Elyvilon
Fedhas
Nemelex Xobeh
Okawaru
Trog
Uskayaw
Zin
The Shining One

Shops:
D:6 [*??*

Annotations:
D:7 Pikel


Message History

Unknown command.
You hit the hornet but do no damage.
The hornet is moderately wounded.
You feel sick. You block the hornet's attack. The hornet stings you.
You are more poisoned.
You feel as though you will be slow longer.
Unknown command.
You barely miss the hornet.
The hornet is moderately wounded.
You feel very sick. The hornet barely misses you. The hornet misses you.
You hit the hornet but do no damage.
The hornet is moderately wounded.
You feel very sick. The hornet barely misses you. The hornet stings you!
* * * LOW HITPOINT WARNING * * *
You feel as though you will be slow longer.
Unknown command.
You closely miss the hornet.
The hornet is moderately wounded.
* * * LOW HITPOINT WARNING * * *
You feel very sick.
The hornet stings you but does no damage.
The hornet barely misses you. You block the hornet's attack.
Unknown command.
Unknown command.
It was a potion of brilliance.
You feel clever all of a sudden.
You feel sick. You block the hornet's attack. The hornet barely misses you.
You barely miss the hornet.
The hornet is moderately wounded.
You feel sick.
The hornet stings you but does no damage.
The hornet barely misses you.
Unknown command.
You hit the hornet but do no damage.
The hornet is moderately wounded.
You feel yourself speed up.
You feel sick. The hornet closely misses you. The hornet stings you!
You die...

.∩.8####......#####.....#
⌠.⌠.........### #.._..#
[8.8........#### #.....#
.......##..##..####.###.#
##.....##...#.....#.#.#.#
##...........)..#.#.###.#
.............####.#.....# ####
..........#.##.##y####### ##..#
................@.....## #...#
.............##>.......## #..##
##.##.#..#..###.........#####..##
########....# ##.........##....##
# #......###.......#........##
### #......#........##..>.......
..####.####..........###.........
...##..####...........##.........
........##............###.......#


You could see a hornet.

Vanquished Creatures
  Sigmund (D:6)
  Eustachio (D:5)
  A water moccasin (D:5)
  A black bear (D:6)
  Duvessa (D:4)
  A centaur (D:6)
  A lemure (D:7)
  A bullfrog (D:6)
  A scorpion (D:6)
  Dowan (D:4)
  A howler monkey (D:6)
  A bullfrog zombie (D:6)
  3 jellies
  A hound (D:7)
  4 orc priests
  A bullfrog skeleton (D:5)
  A gnoll shaman (D:5)
  3 iguanas
  5 orc wizards
  2 killer bee zombies (D:6)
  A howler monkey zombie (D:6)
  3 gnolls (D:5)
  A howler monkey skeleton (D:5)
  5 adders
  A shadow imp (D:6)
  A white imp (D:6)
  An ufetubus (D:5)
  An adder skeleton (D:4)
  4 dart slugs
  18 orcs
  6 ball pythons
  6 bats
  24 endoplasms
  5 giant cockroaches
  9 goblins
  6 hobgoblins
  10 jackals
  3 quokkas
  15 kobolds
  8 rats
160 creatures vanquished.

Vanquished Creatures (others)
  A wizard (D:6)
  2 demonic plants (D:3)
  13 fungi
  4 plants (D:3)
  9 toadstools (D:2)
  2 withered plants (D:3)
31 creatures vanquished.

Grand Total: 191 creatures vanquished

Notes
Turn   | Place    | Note
-------+----------+-------------------------------------------
     0 | D:1      | blank1 the Hill Orc Fighter began the quest for the Orb.
     0 | D:1      | Reached XP level 1. HP: 19/19 MP: 1/1
   116 | D:1      | Reached XP level 2. HP: 20/27 MP: 2/2
   196 | D:1      | Reached skill level 3 in Axes
   462 | D:1      | Reached XP level 3. HP: 31/33 MP: 3/3
   639 | D:1      | Reached skill level 1 in Dodging
  1380 | D:2      | Reached XP level 4. HP: 36/40 MP: 4/4
  1572 | D:2      | HP: 2/40 [acid (10)]
  2016 | D:2      | Reached skill level 4 in Axes
  2016 | D:2      | Reached XP level 5. HP: 27/47 MP: 5/5
  2683 | D:3      | Found a glowing golden altar of the Shining One.
  2777 | D:3      | Found a faded altar of an unknown god.
  2868 | D:3      | Reached skill level 5 in Fighting
  2874 | D:3      | Reached skill level 5 in Axes
  3299 | D:4      | Reached XP level 6. HP: 56/56 MP: 6/6
  3424 | D:4      | Noticed Duvessa
  3439 | D:4      | Noticed Dowan
  3450 | D:4      | Killed Duvessa
  3451 | D:4      | Reached skill level 6 in Axes
  3819 | D:4      | Reached XP level 7. HP: 44/63 MP: 7/7
  4160 | D:4      | Reached skill level 7 in Axes
  4204 | D:4      | Killed Dowan
  4565 | D:5      | Entered Level 5 of the Dungeon
  4601 | D:5      | Found a staircase to the Ecumenical Temple.
  4620 | D:5      | Reached skill level 8 in Axes
  4630 | Temple   | Entered the Ecumenical Temple
  4709 | Temple   | Became a worshipper of Warmaster Okawaru
  4786 | D:5      | Noticed a +0 falchion
  4787 | D:5      | Noticed a +0 dagger
  4823 | D:5      | Reached skill level 1 in Invocations
  4907 | D:5      | Noticed a +0 spear
  4908 | D:5      | Noticed a +0 dagger
  4908 | D:5      | Noticed a +0 spear
  4909 | D:5      | Noticed a +0 short sword
  4909 | D:5      | Noticed a +0 falchion
  4909 | D:5      | Noticed a +0 short sword
  4977 | D:5      | Noticed Eustachio
  5035 | D:5      | Killed Eustachio
  5035 | D:5      | Reached * piety under Okawaru
  5164 | D:5      | Reached XP level 8. HP: 69/71 MP: 9/9
  5504 | D:5      | Found a hide-covered altar of Uskayaw.
  5557 | D:5      | Found a glowing silver altar of Zin.
  5923 | D:6      | Found Zass's Assorted Antiques.
  5924 | D:6      | Noticed Sigmund
  5943 | D:5      | Reached skill level 9 in Axes
  6261 | D:6      | Killed Sigmund
  6305 | D:6      | Reached skill level 10 in Axes
  6370 | D:6      | Reached ** piety under Okawaru
  6384 | D:6      | Found Buidan's Magic Scroll Boutique.
  6631 | D:6      | Found Ulopuqyf's Antique Armour Emporium.
  6662 | D:6      | Reached skill level 5 in Armour
  6744 | D:6      | Found Wosser's General Store.
  6790 | D:6      | Found Uvahirgh's Magic Scroll Shoppe.
  6849 | D:6      | Found a bloodstained altar of Trog.
  6850 | D:6      | Noticed a wizard
  6855 | D:6      | Killed a wizard
  6962 | D:6      | Found a snail-covered altar of Cheibriados.
  7019 | D:7      | Reached XP level 9. HP: 81/81 MP: 11/11
  7026 | D:7      | Identified a scroll of acquirement
  7026 | D:7      | Acquired a manual of Armour
  7080 | D:7      | Noticed Pikel
  7332 | D:7      | Noticed a hornet
  7336 | D:7      | Paralysed by a hornet for 2 turns
  7340 | D:6      | Paralysed by a hornet for 2 turns
  7349 | D:6      | HP: 4/81 [poisoned by a hornet]
  7349 | D:6      | Mangled by a hornet

Illustrated notes

Levels and vault maps discovered:
D:1:      shiori_arrival_elements, layout_loops_corners,
          minmay_misc_feat_columns
D:2:      cheibrodos_fertilizer, layout_basic
D:3:      layout_basic, lemuel_tele_altar, shapermc_ecumenical_altar_gd,
          serial_bayou_ford_a
D:4:      layout_basic, uniq_duvessa
D:5:      layout_loops_ring, zin_treasury, nicolae_uskayaw_en_pointe,
          minmay_temple_entry_statues_fountains, uniq_eustachio
D:6:      layout_cave_pools, kennysheep_slug_shrine, trog_wizard, serial_shops,
          nicolae_stop_n_shop_1, shop_statue, nicolae_square_shop,
          nicolae_shop_temple_entry_statues_fountains, minmay_shop_grid_forest,
          uniq_sigmund
D:7:      layout_layer_cave, gammafunk_ghost_abyssal_escape, uniq_pikel
Temple:   minmay_crystal_spiral_temple

Skill      XL: |  1  2  3  4  5  6  7  8 |
---------------+-------------------------+-----
Axes           | 3 4 5 6 8 10 | 10.0
Fighting       | 4 5 6 8 |  8.0
Dodging        | 1 2 |  2.0
Armour         | 4 5 |  5.8
Shields        | 4 |  4.0
Invocations    | 2 3 |  3.0

Action                   |  1- 3 |  4- 6 |  7- 9 || total
-------------------------+-------+-------+-------++-------
Melee: War axe           |    18 |       |       ||    18
       Hand axe          |    94 |   180 |   267 ||   541
  Use: Scroll            |       |     2 |     5 ||     7
       Potion            |       |       |     5 ||     5
Armor: Scale mail        |    34 |    28 |    49 ||   111
Dodge: Dodged            |    80 |   116 |   212 ||   408
Block: Buckler           |    22 |    28 |    16 ||    66
       Kite shield       |       |       |    77 ||    77

Table legend: (Time is in decaauts)
 A = Elapsed time spent in this place.
 B = Non-inter-level travel time spent in this place.
 C = Inter-level travel time spent in this place.
 D = Time resting spent in this place.
 E = Time spent auto-exploring this place.
 F = Levels seen in this place.
 G = Mean time per level.
                   A        B        C        D        E       F      G
               +--------+--------+--------+--------+--------+-----+--------+
         Total |   7386 |   7127 |    259 |   1521 |   4238 |   8 |  923.2 |
       Dungeon |   7287 |   7046 |    241 |   1521 |   4165 |   7 | 1041.0 |
        Temple |     98 |     80 |     18 |      0 |     73 |   1 |   98.0 |
               +--------+--------+--------+--------+--------+-----+--------+

Top non-repeatable levels by time:
     D:5: 1580 daAuts
     D:1: 1522 daAuts
     D:2: 1037 daAuts
     D:3: 1023 daAuts
     D:4: 1010 daAuts
     D:6: 1001 daAuts
     D:7: 111 daAuts
  Temple: 98 daAuts
